 Dungeon Crawl Stone Soup version 0.31.0-1-g2c135a0 (webtiles) character file.

Game seed: 5553159432766319359

44 Kel the Ruffian (level 3, -3/23 HPs)
             Began as an Octopode Shapeshifter on Feb 9, 2024.
             Slain by Grinder (11 damage)
             ... on level 3 of the Dungeon.
             The game lasted 00:05:26 (1103 turns).

Kel the Ruffian (Octopode Shapeshifter)             Turns: 1103, Time: 00:05:26

Health: -3/23      AC:  1    Str: 13    XL:     3   Next: 60%
Magic:  0/3        EV: 13    Int: 14    God:
Gold:   90         SH:  0    Dex: 11    Spells: 2/2 levels left

rFire   . .          .
                       - Unarmed
rCold   . . .        (no shield)
rNeg    . . .        (helmet restricted)
rPois   .            d - amulet of guardian spirit
rElec   .            (no ring)
rCorr   .            (no ring)
SInv    .            (no ring)
Will    .....        (no ring)
Stlth   +++          (no ring)
HPRegen 0.23/turn    (no ring)
MPRegen 0.08/turn    (no ring)
                     (no ring)

%: guardian spirit
@: no status effects
A: almost no armour, amphibious, 8 rings, camouflage 1, gelatinous body 1,
(nimble swimmer 1), tentacles
a: no special abilities


You were on level 3 of the Dungeon.
You visited 1 branch of the dungeon, and saw 3 of its levels.

You collected 90 gold pieces.

Inventory:

Jewellery
 d - an amulet of guardian spirit (around mantle)
Talismans
 b - a beast talisman
 c - a flux talisman
Scrolls
 f - a scroll of teleportation {unknown}
 i - a scroll of fear {unknown}
Potions
 a - a potion of lignification
 e - 3 potions of mutation {unknown}
 g - a potion of enlightenment {unknown}
 h - a potion of heal wounds {unknown}
 j - a potion of brilliance {unknown}


   Skills:
 + Level 1.5 Fighting
 - Level 2.0 Dodging
 + Level 1.8 Stealth
 * Level 3.6 Unarmed Combat
 + Level 3.3 Shapeshifting


You had 2 spell levels left.
You didn't know any spells.
Your spell library was empty.

Dungeon Overview and Level Annotations

Branches:
Dungeon (3/15)

Altars:

Shops:
D:1 (

Annotations:
D:3 Grinder


Innate Abilities, Weirdness & Mutations

You cannot wear most types of armour.
You are amphibious.
You can wear up to eight rings at the same time.
Your skin changes colour to match your surroundings (Stealth+).
Your rubbery body absorbs attacks. (AC +1, EV +1)
((You are camouflaged when in or above water. (Stealth+)))
You have tentacles for arms and can constrict up to eight enemies at once.


Message History

There is a stone staircase leading up here.
There are monsters nearby!
Found 14 gold pieces.
The rat closely misses you.
You completely miss the rat. You grab the rat. You constrict the rat.
You tentacle-slap the rat.
You kill the rat!
Grinder comes into view.
The endoplasm misses you.
You tentacle-slap the endoplasm.
The endoplasm is almost dead.
The endoplasm hits you.
You barely miss the endoplasm. You squeeze the endoplasm.
You kill the endoplasm!
A frilled lizard comes into view.
You closely miss Grinder.
The frilled lizard hisses angrily.
Your grab misses Grinder. You squeeze Grinder.
Grinder is lightly wounded.
A bat comes into view.
Grinder hits you.
You writhe in agony.
The bat moves out of view.
You tentacle-slap Grinder but do no damage.
You grab Grinder.
Grinder is lightly wounded.
You constrict Grinder, but do no damage.
Grinder gestures at you. Pain shoots through your body!
You are too injured to fight recklessly!
You tentacle-slap Grinder. You squeeze Grinder, but do no damage.
Grinder is lightly wounded.
You constrict Grinder. Grinder hits you.
You writhe in agony.
You tentacle-slap Grinder. You squeeze Grinder, but do no damage.
Grinder is moderately wounded.
You constrict Grinder. Grinder gestures at you.
You barely resist. You tentacle-slap Grinder. You squeeze Grinder.
Grinder is heavily wounded.
You constrict Grinder. Grinder hits you!
You die...
Grinder sighs, "Dead already?
I want a refund."

## ##. ..#######
... ....#...## ..#
.........##.#
..$.........
.......(..########
....l.............
......5@..<.#
...##.......#
#..#####.>... #.#
..##.. #.. ...#
#.. ..... #.
...... #. ...)..


You could see Grinder and a frilled lizard.

Vanquished Creatures
  5 bats
  5 endoplasms
  A giant cockroach (D:2)
  6 goblins
  4 hobgoblins (D:1)
  2 quokkas
  2 ball pythons (D:1)
  6 frilled lizards
  3 kobolds
  9 rats
43 creatures vanquished.

Notes
Turn   | Place    | Note
-------+----------+-------------------------------------------
     0 | D:1      | Kel the Octopode Shapeshifter began the quest for the Orb.
     0 | D:1      | Reached XP level 1. HP: 13/13 MP: 1/1
   114 | D:1      | Reached XP level 2. HP: 18/18 MP: 2/2
   125 | D:1      | Found a faded altar of an unknown god.
   132 | D:1      | Reached skill level 1 in Stealth
   135 | D:1      | Found Casy's Antique Weapon Shoppe.
   434 | D:1      | Reached XP level 3. HP: 14/23 MP: 3/3
  1094 | D:3      | Noticed Grinder
  1103 | D:3      | Slain by Grinder

Illustrated notes

Levels and vault maps discovered:
D:1:      dpeg_arrival_stonehenge_12_columns, layout_basic,
          dreamdust_ecumenical_altar_statues, serial_glass, glass_columns_c,
          glass_columns_a, serial_shops, shop_statue, grunt_decor_one_mirror,
          chequers_garden
D:2:      layout_rooms, minmay_misc_feat_encased, grunt_ministairs_15,
          minmay_strange_pillars
D:3:      layout_rooms, minmay_cupped, uniq_grinder, uniq_terence

Skill      XL: |  1  2 |
---------------+-------+-----
Stealth        | 1 |  1.8
Fighting       | |  1.5
Dodging        | |  2.0
Unarmed Combat | |  3.6
Shapeshifting  | |  3.3

Action                     || total
---------------------------++-------
  Melee: Unarmed           ||    74
         Constrict         ||    16
         Tentacles         ||    17
         Punch             ||     1
Ability: Begin Untransform ||     1
   Stab: Sleeping          ||     7
 Armour: Skin              ||    18
  Dodge: Dodged            ||    31
   Form: Beast             ||     1
         Flux              ||     1
                           ||     1
